 Dungeon Crawl Stone Soup version 0.28.0-53-g5a82cb258f (webtiles) character file.

Game seed: 9000207824797673244

119386 LustLizard the Deadly Accurate (level 16, -18/144 HPs)
             Began as a Minotaur Berserker on July 31, 2022.
             Was a High Priest of Trog.
             Shot with a bolt by a yaktaur captain (27 damage)
             ... on level 14 of the Dungeon on Aug 1, 2022.
             The game lasted 01:17:04 (32395 turns).

LustLizard the Deadly Accurate (MiBe)              Turns: 32395, Time: 01:17:05

Health: -18/144    AC: 24    Str: 27    XL:     16   Next: 27%
Magic:  15/15      EV: 15    Int:  6    God:    Trog [*****.]
Gold:   2678       SH:  0    Dex: 24    Spells: 15/15 levels left

rFire   + . .      SeeInvis +   E - +10 eveningstar "Giantbane" {vorpal, rPois rC+ Int+3 Dex+4}
rCold   + + +      Faith    .   (no shield)
rNeg    . . .      Spirit   .   K - +3 plate armour "Reanas" {-Cast Dex+9 Stlth+}
rPois   +          Reflect  .   I - +2 hat of the Nexus {rPois rC++ Int-3 Stlth+}
rElec   .          Harm     .   t - scarf {rC+ rF+}
rCorr   .          Rampage  .   v - +1 pair of gloves
Will    +....      NoCast   +   p - +0 pair of boots
Stlth   ..........              z - amulet of regeneration
HPRegen 1.14/turn               x - ring of poison resistance
MPRegen 0.14/turn               Q - ring of see invisible

@: hasted, studying Axes, very quick
A: horns 2, retaliatory headbutt
a: Renounce Religion, Berserk, Trog's Hand, Brothers in Arms


You were on level 14 of the Dungeon.
You worshipped Trog.
Trog was extremely pleased with you.
You visited 4 branches of the dungeon, and saw 25 of its levels.
You also visited: Bailey and Gauntlet.

You collected 3229 gold pieces.
You spent 551 gold pieces at shops.

Inventory:

Hand Weapons
 b - a +3 broad axe of protection
 k - the +7 mace "Oklogu" {spect, rF+ Will+}
   (You found it on level 2 of the Dungeon)

   When its wielder attacks, the weapon's spirit leaps out and strikes again.
   The spirit shares a part of any damage it takes with its wielder.
   rF:        It protects you from fire.
   Will:      It increases your willpower.
 E - the +10 eveningstar "Giantbane" (weapon) {vorpal, rPois rC+ Int+3 Dex+4}
   (You acquired it in a Gauntlet)

   It inflicts extra damage upon your enemies.
   Int:       It affects your intelligence (+3).
   Dex:       It affects your dexterity (+4).
   rC:        It protects you from cold.
   rPois:     It protects you from poison.
Missiles
 d - 27 poisoned darts
 f - 642 stones (quivered)
 g - 4 curare-tipped darts
 L - 28 boomerangs
 N - 4 datura-tipped darts
 S - 13 javelins
 W - 2 throwing nets
Armour
 p - a +0 pair of boots (worn)
 t - a scarf of resistance (worn)
 v - a +1 pair of gloves (worn)
 I - the +2 hat of the Nexus (worn) {rPois rC++ Int-3 Stlth+}
   (You found it in a Gauntlet)

   Int:       It affects your intelligence (-3).
   rC:        It greatly protects you from cold.
   rPois:     It protects you from poison.
   Stlth:     It makes you more stealthy.
 K - the +3 plate armour "Reanas" (worn) {-Cast Dex+9 Stlth+}
   (You found it on level 7 of the Dungeon)

   Dex:       It affects your dexterity (+9).
   -Cast:     It prevents spellcasting.
   Stlth:     It makes you more stealthy.
 V - a +1 cloak of preservation
Jewellery
 i - a ring of flight
 x - a ring of poison resistance (left hand)
 z - an amulet of regeneration (around neck)
 Q - a ring of see invisible (right hand)
Wands
 q - a wand of iceblast (11)
 A - a wand of acid (16)
 G - a wand of flame (55)
 P - a wand of mindburst (14)
 U - a wand of digging (10)
 X - a wand of charming (9)
 Y - a wand of polymorph (10)
 Z - a wand of paralysis (7)
Scrolls
 a - 2 scrolls of fear
 c - 11 scrolls of teleportation
 e - 7 scrolls of magic mapping
 l - 4 scrolls of immolation
 m - 3 scrolls of fog
 r - a scroll of silence
 w - 3 scrolls of summoning
 y - 4 scrolls of vulnerability
 B - 7 scrolls of blinking
 F - 3 scrolls of brand weapon
 H - a scroll of holy word
 M - 4 scrolls of enchant armour
 T - a scroll of enchant weapon
Potions
 h - 4 potions of haste
 j - 2 potions of ambrosia
 n - 11 potions of curing
 o - 2 potions of resistance
 s - a potion of cancellation
 u - a potion of might
 C - 5 potions of lignification
 D - 2 potions of heal wounds
 J - 2 potions of invisibility
 O - 3 potions of mutation
 R - a potion of flight


   Skills:
 + Level 13.3 Fighting
 * Level 14.0(16.3) Axes
 - Level 13.8(16.2) Maces & Flails
 - Level 15.0 Throwing
 * Level 11.5 Armour
 * Level 10.6 Dodging
 * Level 11.9 Evocations


You had 15 spell levels left.
You didn't know any spells.
Your spell library was empty.

Dungeon Overview and Level Annotations

Branches:
Dungeon (14/15)            Temple (0/1) D:6            Lair (6/6) D:10
  Swamp (0/4) Lair:4       Spider (3/4) Lair:4        Slime (0/5) Lair:5
    Orc (2/2) D:10            Elf (0/3) Orc:2        Bailey (visited)
Gauntlet (visited)
 Vaults: D:13-14

Altars:
Dithmenos
Elyvilon
Gozag
Hepliaklqana
Kikubaaqudgha
Qazlal
Vehumet
Wu Jian
Xom
Beogh
Jiyva

Shops:
D:10 *   D:12 =   Orc:2 (=!?

Annotations:
D:6 1 runed translucent door, SanguineChosen's ghost, novice MiBe
D:10 1 runed translucent door, Veterankin's ghost, journeyman HOFi
Spider:3 Asterion


Innate Abilities, Weirdness & Mutations

You have a pair of horns on your head.
You reflexively headbutt those who attack you in melee.


Message History

You crush the orc wizard like a grape!!!
You kill the orc wizard!
Trog accepts your kill.
Trog appreciates your killing of a magic user.
A centaur warrior comes into view.
The yaktaur wields a +0 arbalest.
The yaktaur shoots a bolt.
The bolt hits you!
A yaktaur captain comes into view.
You hear a shout! x2
Things that are here:
a +0 dagger; a +0 robe; a scroll of immolation The centaur warrior shouts!
The yaktaur captain wields a +0 arbalest of flaming.
It bursts into flame!
The yaktaur captain shoots a bolt.
The bolt hits you!! The bolt burns you.
The yaktaur shoots a bolt.
The bolt hits you.
A yaktaur comes into view.
The yaktaur shoots a bolt.
The bolt closely misses you.
The yaktaur captain shoots a bolt.
The bolt hits you!!! The bolt burns you.
A tengu warrior comes into view. It is wielding a +0 great sword.
The centaur warrior wields a +3 longbow.
The centaur warrior shoots an arrow.
The arrow hits you!
The yaktaur shoots a bolt.
The bolt barely misses you.
The yaktaur captain shoots a bolt.
The bolt hits you!
* * * LOW HITPOINT WARNING * * *
The bolt burns you.
* * * LOW HITPOINT WARNING * * *
The centaur warrior shoots an arrow.
The arrow hits you.
* * * LOW HITPOINT WARNING * * *
Things that are here:
a +0 dagger; a +0 robe; a scroll of immolation The centaur warrior shoots an arrow.
The arrow hits you but does no damage.
The yaktaur captain shoots a bolt.
The bolt closely misses you.
Items here: $ )) [[.
You feel yourself speed up.
The yaktaur captain shoots a bolt.
The bolt hits you!!
* * * LOW HITPOINT WARNING * * *
The bolt burns you.
* * * LOW HITPOINT WARNING * * *
Found a potion of mutation.
The yaktaur captain shoots a bolt.
The bolt hits you!!
You die...

# ##.# ...## #.!.# ... #
....# ..#####.#.##### ###
#.....<........ #.. . #@#.#
########.# #. #.#.#
#......... #.. ### #.#.##
#.######.# Q. ..
#....####.######.# .#.#.#.
#....)............
....Q..#####....####.########
#ccc).c...## #.#
#...c#####..# #.# #.#(##
#...# #.#


You could see a yaktaur captain.

Vanquished Creatures
  Jorgrun (Orc:2)
  A ghost moth (Spider:2)
  3 entropy weavers (Spider:2)
  2 spark wasps (Spider:2)
  A minotaur (Gauntlet)
  An ettin (D:14)
  A green death (Gauntlet)
  A fire dragon (Lair:6)
  Harold (D:10)
  10 hydras
  2 ogre magi
  Erolcha (Orc:2)
  2 centaur warriors (D:13)
  2 boulder beetles
  A jorogumo (Spider:2)
  7 two-headed ogres
  A radroach (Spider:2)
  13 death yaks
  Urug (D:13)
  Sonja (Lair:3)
  A sun moth (Spider:2)
  Nergalle (D:10)
  A pharaoh ant (Spider:2)
  3 skeletal warriors (D:11)
  2 orb spiders
  A swamp dragon (Lair:6)
  4 steelbarb worms (Spider:2)
  A wizard (D:14)
  3 orc knights
  2 bog bodies (Lair:4)
  The ghost of safid the Cleaver, a novice HOFi of Okawaru (D:5)
  2 necromancers
  Pikel (D:7)
  5 wolf spiders
  11 orc sorcerers
  6 cyclopes
  5 manticores
  An ugly thing (D:13)
  Maurice (Orc:2)
  10 elephants
  A smoke demon (Gauntlet)
  9 black mambas
  3 gargoyles
  2 orange demons (Gauntlet)
  An unseen horror (D:11)
  Maggie (D:7)
  3 rime drakes
  Psyche (D:9)
  16 cane toads
  3 torpor snails
  11 komodo dragons
  5 demonic crawlers (Spider:2)
  A red devil (Gauntlet)
  6 meliai
  7 trolls
  4 polar bears
  19 tarantellas
  3 blink frogs (Lair:6)
  4 hornets
  9 dream sheep (Lair:6)
  12 jumping spiders
  10 culicivoras
  A vampire (D:10)
  A wraith (D:11)
  15 wyverns
  36 yaks
  6 basilisks
  27 redbacks
  2 steam dragons (Lair:6)
  3 wargs (Orc:1)
  8 vampire mosquitoes
  2 acid dragons (Lair:6)
  2 swamp drakes (Lair:6)
  37 water moccasins
  A sky beast (D:8)
  24 orc warriors
  16 wolves
  10 centaurs
  10 ogres
  A phantom (D:5)
  5 kobold brigands
  Blork the orc (D:6)
  7 bullfrogs
  5 scorpions
  5 wights (D:9)
  4 howler monkeys
  An electric eel (Spider:1)
  3 crimson imps (Gauntlet)
  A lava snake (Lair:2)
  6 centaur zombies
  A jelly (D:5)
  17 orc priests
  A hound (D:5)
  8 iguanas
  3 bullfrog skeletons
  A water moccasin simulacrum (D:5)
  Terence (D:3)
  Ijyb (D:3)
  36 orc wizards
  4 polar bear simulacra (D:10)
  5 yak simulacra (D:10)
  A wolf simulacrum (D:10)
  A bullfrog simulacrum (D:5)
  2 hound skeletons (D:4)
  A scorpion simulacrum (D:5)
  2 gnolls
  A howler monkey skeleton (D:5)
  10 adders
  A hound simulacrum (D:5)
  A shadow imp (D:8)
  A white imp (D:5)
  A howler monkey simulacrum (D:5)
  An ufetubus (D:6)
  A worm (D:3)
  An adder simulacrum (D:5)
  4 dart slugs
  90 orcs
  7 ball pythons
  16 bats
  10 endoplasms
  7 giant cockroaches
  4 goblins
  5 hobgoblins
  6 jackals (D:2)
  4 quokkas
  7 frilled lizards
  22 kobolds
  10 rats
  A river rat simulacrum (D:10)
782 creatures vanquished.

Vanquished Creatures (collateral kills)
  A jorogumo (Spider:2)
  A guardian serpent (Lair:6)
  6 elephants
  A cane toad (Lair:6)
9 creatures vanquished.

Vanquished Creatures (others)
  An orc wizard (Orc:2)
  71 fungi
  109 plants
181 creatures vanquished.

Grand Total: 972 creatures vanquished

Notes
Turn   | Place    | Note
-------+----------+-------------------------------------------
     0 | D:1      | LustLizard the Minotaur Berserker began the quest for the
                  | Orb.
     0 | D:1      | Reached XP level 1. HP: 19/19 MP: 0/0
   246 | D:1      | Reached XP level 2. HP: 22/27 MP: 1/1
   456 | D:1      | Reached skill level 1 in Throwing
   739 | D:1      | Reached ** piety under Trog
   806 | D:1      | Reached XP level 3. HP: 33/33 MP: 2/2
  1040 | D:1      | Found a faded altar of an unknown god.
  1296 | D:2      | Found a stormy altar of Qazlal.
  1400 | D:2      | Identified the +7 mace "Oklogu" {spect, rF+ Will+}
  1469 | D:2      | Reached skill level 2 in Throwing
  1591 | D:2      | Reached XP level 4. HP: 29/40 MP: 3/3
  2268 | D:3      | Reached skill level 5 in Axes
  2328 | D:3      | Reached skill level 1 in Maces & Flails
  2418 | D:3      | Reached *** piety under Trog
  2438 | D:3      | Noticed Ijyb
  2446 | D:3      | Killed Ijyb
  2447 | D:3      | Reached XP level 5. HP: 47/47 MP: 4/4
  2462 | D:3      | Noticed Terence
  2466 | D:3      | Killed Terence
  2840 | D:3      | Found an ornate altar of the Wu Jian Council.
  2895 | D:3      | Reached skill level 3 in Throwing
  3329 | D:4      | Noticed an ogre
  3338 | D:4      | Killed an ogre
  3339 | D:4      | Reached XP level 6. HP: 53/53 MP: 5/5
  3662 | D:4      | Reached skill level 1 in Evocations
  3679 | D:4      | Identified the +1 leather armour of Awe {rC+}
  3883 | D:4      | Found a white marble altar of Elyvilon.
  4159 | D:5      | Entered Level 5 of the Dungeon
  4204 | D:5      | Found a runed translucent gate.
  4204 | D:5      | Found a runed translucent gate.
  4204 | D:5      | Found a runed translucent gate.
  4270 | D:5      | Noticed safid's ghost (novice HOFi)
  4323 | D:5      | Reached skill level 5 in Fighting
  4323 | D:5      | Reached XP level 7. HP: 61/61 MP: 6/6
  4556 | D:5      | Reached skill level 4 in Throwing
  5274 | D:6      | Found a runed translucent door.
  5278 | D:6      | Found a shimmering altar of Xom.
  5278 | D:6      | Noticed SanguineChosen's ghost (novice MiBe)
  5279 | D:6      | Noticed a +2 hand axe of chaos
  5415 | D:6      | Reached XP level 8. HP: 69/69 MP: 7/7
  5418 | D:6      | Found an ancient bone altar of Kikubaaqudgha.
  5452 | D:6      | Identified the +1 flail of Erofi {flame, MP+9 Int-2 SInv}
  5722 | D:6      | Found a staircase to the Ecumenical Temple.
  5722 | D:6      | Noticed Blork the orc
  5745 | D:6      | Killed Blork the orc
  5746 | D:6      | Reached skill level 5 in Maces & Flails
  6052 | D:7      | Noticed Pikel
  6061 | D:7      | Killed Pikel
  6062 | D:7      | Reached skill level 5 in Throwing
  6156 | D:7      | Identified the +3 plate armour "Reanas" {-Cast Dex+9
                  | Stlth+}
  6215 | D:7      | Found an opulent altar of Gozag.
  6282 | D:7      | Found a flagged portal.
  6362 | Bailey   | Entered a bailey
  6401 | Bailey   | Reached XP level 9. HP: 75/75 MP: 8/8
  6695 | Bailey   | Noticed an orc knight
  7262 | D:7      | Noticed Maggie
  7273 | D:7      | Killed Maggie
  7274 | D:7      | Reached skill level 6 in Throwing
  7501 | D:8      | Found a shadowy altar of Dithmenos.
  7551 | D:8      | Reached skill level 5 in Evocations
  7954 | D:8      | Found a hazy altar of Hepliaklqana.
  8373 | D:5      | Killed safid's ghost
  8469 | D:5      | Identified the +1 scale mail of Racow {Str+5}
  8714 | D:9      | Reached XP level 10. HP: 86/86 MP: 9/9
  8780 | D:9      | Reached **** piety under Trog
  8819 | D:9      | Reached skill level 7 in Throwing
  9560 | D:9      | Noticed Psyche
  9568 | D:9      | Killed Psyche
  9816 | D:9      | Noticed a two-headed ogre
  9841 | D:9      | Killed a two-headed ogre
  9921 | D:10     | Entered Level 10 of the Dungeon
  9992 | D:10     | Noticed Nergalle
 10019 | D:9      | Reached skill level 10 in Axes
 10241 | D:10     | Found Falil's Assorted Antiques.
 10255 | D:10     | Noticed Harold
 10275 | D:10     | Killed Harold
 10305 | D:10     | Found a staircase to the Orcish Mines.
 10349 | D:10     | Noticed a death yak
 10349 | D:10     | Noticed a death yak
 10349 | D:10     | Noticed a death yak
 10375 | D:10     | Noticed a death yak
 10394 | D:9      | Killed a death yak
 10395 | D:9      | Reached skill level 8 in Throwing
 10459 | D:10     | Killed Nergalle
 10460 | D:10     | Reached XP level 11. HP: 94/94 MP: 10/10
 10833 | D:10     | Found a staircase to the Lair.
 11137 | D:10     | Noticed a necromancer
 11149 | D:10     | Killed a necromancer
 11151 | D:10     | Reached skill level 10 in Maces & Flails
 11280 | D:10     | Noticed a death yak
 11297 | D:9      | Killed a death yak
 11386 | D:9      | Killed a death yak
 11390 | D:9      | Killed a death yak
 11391 | D:9      | Reached skill level 9 in Throwing
 11849 | D:10     | Killed a death yak
 12074 | D:10     | Found a runed translucent door.
 12076 | D:10     | Noticed Veterankin's ghost (journeyman HOFi)
 12247 | Lair:1   | Entered Level 1 of the Lair of Beasts
 12572 | Lair:1   | Noticed a five-headed hydra
 12579 | Lair:1   | Killed a five-headed hydra
 12761 | Lair:1   | Reached XP level 12. HP: 97/104 MP: 11/11
 13300 | Lair:1   | Reached skill level 10 in Throwing
 13374 | Lair:1   | Noticed an eight-headed hydra
 13385 | Lair:1   | Killed an eight-headed hydra
 14415 | Lair:2   | Reached ***** piety under Trog
 14731 | Lair:2   | Noticed a seven-headed hydra
 15248 | Lair:2   | Killed a seven-headed hydra
 15249 | Lair:2   | Reached skill level 10 in Fighting
 15690 | Lair:3   | Reached skill level 11 in Throwing
 15721 | Lair:3   | Noticed a four-headed hydra
 15727 | Lair:3   | Killed a four-headed hydra
 15793 | Lair:3   | Noticed Sonja
 15820 | Lair:3   | Killed Sonja
 16157 | Lair:3   | Reached XP level 13. HP: 114/114 MP: 12/12
 16163 | Lair:3   | Reached skill level 10 in Evocations
 17519 | Lair:4   | Found a staircase to the Swamp.
 17808 | Lair:4   | Found a hole to the Spider Nest.
 18175 | Lair:4   | Reached skill level 12 in Throwing
 19106 | Lair:5   | Found a viscous altar of Jiyva.
 19200 | Lair:5   | You fall into a shaft and drop 1 floor!
 19200 | Lair:6   | Entered Level 6 of the Lair of Beasts
 19224 | Lair:6   | Reached skill level 5 in Armour
 19574 | Lair:6   | Reached skill level 5 in Dodging
 19705 | Lair:6   | Received a gift from Trog
 19720 | Lair:6   | Reached XP level 14. HP: 124/124 MP: 13/13
 20534 | Lair:6   | Identified the +5 dagger of the Shining Light {venom,
                  | *Noise rCorr Str+6 Dex+3}
 20550 | Lair:6   | Reached skill level 13 in Throwing
 21348 | Lair:6   | Reached ****** piety under Trog
 21800 | Lair:5   | Found a staircase to the Slime Pits.
 22354 | Orc:1    | Entered Level 1 of the Orcish Mines
 22648 | Orc:1    | Received a gift from Trog
 23297 | Orc:2    | Entered Level 2 of the Orcish Mines
 23383 | Orc:2    | Received a gift from Trog
 23701 | Orc:2    | Noticed Jorgrun
 23716 | Orc:2    | Killed Jorgrun
 23812 | Orc:2    | Noticed Maurice
 23840 | Orc:2    | Killed Maurice
 23906 | Orc:2    | Found a staircase to the Elven Halls.
 24120 | Orc:2    | Found Ibano's Magic Scroll Emporium.
 24167 | Orc:2    | Found a radiant altar of Vehumet.
 24167 | Orc:2    | Noticed Erolcha
 24382 | Orc:2    | Found an ancient bone altar of Kikubaaqudgha.
 24393 | Orc:2    | Found Unump's Jewellery Emporium.
 24404 | Orc:2    | Received a gift from Trog
 24412 | Orc:2    | Killed Erolcha
 24431 | Orc:2    | Reached XP level 15. HP: 130/132 MP: 14/14
 24432 | Orc:2    | Found Oteshuzu's Antique Weapon Emporium.
 24481 | Orc:2    | Found Ositudysid's Distillery.
 24655 | Orc:2    | Bought a potion of heal wounds for 65 gold pieces
 24655 | Orc:2    | Bought a potion of invisibility for 104 gold pieces
 24655 | Orc:2    | Bought a potion of curing for 39 gold pieces
 24691 | Orc:2    | Bought a scroll of fear for 49 gold pieces
 24691 | Orc:2    | Bought a scroll of teleportation for 42 gold pieces
 24691 | Orc:2    | Bought a scroll of blinking for 105 gold pieces
 24691 | Orc:2    | Bought a scroll of teleportation for 42 gold pieces
 24691 | Orc:2    | Bought a scroll of blinking for 105 gold pieces
 24927 | Spider:1 | Entered Level 1 of the Spider Nest
 25021 | Spider:1 | Identified a scroll of acquirement
 25022 | Spider:1 | Acquired a manual of Axes
 25185 | Spider:1 | Reached skill level 14 in Throwing
 26525 | Spider:2 | Reached skill level 10 in Armour
 27094 | Spider:2 | Received a gift from Trog
 28458 | Spider:3 | Noticed Asterion
 29091 | D:11     | Reached skill level 10 in Dodging
 29800 | D:12     | Reached XP level 16. HP: 134/143 MP: 15/15
 29898 | D:12     | Received a gift from Trog
 29899 | D:12     | Found a gate leading to a gauntlet.
 29939 | Gauntlet | Entered a Gauntlet
 29939 | Gauntlet | Found a transporter.
 29952 | Gauntlet | Found a transporter.
 29963 | Gauntlet | Found a transporter.
 29968 | Gauntlet | Found a transporter.
 29983 | Gauntlet | Found a transporter.
 30002 | Gauntlet | Found a transporter.
 30011 | Gauntlet | Found a transporter.
 30026 | Gauntlet | Found a transporter.
 30034 | Gauntlet | Found a large runed translucent door.
 30035 | Gauntlet | Found a large runed translucent door.
 30036 | Gauntlet | Found a large runed translucent door.
 30036 | Gauntlet | Found a large runed translucent door.
 30037 | Gauntlet | Found a runed translucent gate.
 30038 | Gauntlet | Found a transporter.
 30038 | Gauntlet | Found a runed translucent gate.
 30039 | Gauntlet | Found a runed translucent gate.
 30040 | Gauntlet | Found a large runed translucent door.
 30040 | Gauntlet | Found a large runed translucent door.
 30041 | Gauntlet | Found a large runed translucent door.
 30042 | Gauntlet | Found a large runed translucent door.
 30050 | Gauntlet | Found a transporter.
 30052 | Gauntlet | Found a large runed translucent door.
 30052 | Gauntlet | Found a large runed translucent door.
 30052 | Gauntlet | Found a runed translucent door.
 30052 | Gauntlet | Found a runed translucent door.
 30053 | Gauntlet | Found a large runed translucent door.
 30054 | Gauntlet | Found a large runed translucent door.
 30056 | Gauntlet | Found a transporter.
 30056 | Gauntlet | Found a transporter.
 30095 | Gauntlet | Found a large runed translucent door.
 30095 | Gauntlet | Found a large runed translucent door.
 30095 | Gauntlet | Found a transporter.
 30096 | Gauntlet | Found a large runed translucent door.
 30120 | Gauntlet | Found a transporter.
 30124 | Gauntlet | Found a transporter.
 30124 | Gauntlet | Found a transporter.
 30146 | Gauntlet | Found a transporter.
 30224 | Gauntlet | Found a transporter.
 30268 | Gauntlet | Found a large runed translucent door.
 30616 | Gauntlet | Identified the +2 hat of the Nexus {rPois rC++ Int-3
                  | Stlth+}
 30687 | Gauntlet | Noticed a sphinx
 30702 | Gauntlet | a sphinx changed into an alligator snapping turtle
 30770 | Gauntlet | Identified the +0 hat of Loss {Rampage rN+ Stlth+}
 30916 | Gauntlet | Acquired the +10 eveningstar "Giantbane" {vorpal, rPois rC+
                  | Int+3 Dex+4}
 30965 | D:12     | Found Mieculigg's Jewellery Shop.
 31520 | D:13     | Noticed Urug
 31527 | D:13     | Killed Urug
 32293 | D:14     | Reached skill level 15 in Throwing
 32389 | D:14     | HP: 4/144 [yaktaur captain/bolt (4)]
 32395 | D:14     | Shot with a bolt by a yaktaur captain

Illustrated notes

Levels and vault maps discovered:
D:1:      doesnt_arrival_eight_statues, layout_basic,
          shapermc_ecumenical_altar_mp_highgroup
D:2:      layout_loops_corners, basic_altar
D:3:      layout_basic, nicolae_overflow_hidden_temple,
          chequers_serial_rivers_micro_a, minmay_checkerbox, uniq_terence,
          uniq_ijyb
D:4:      layout_cave_pods, elyvilon_altar_1, serial_column_ruins,
          column_ruins_hut, column_ruins_hut, column_ruins_open_tiny,
          column_ruins_open_small_water, column_ruins_grid_1,
          column_ruins_grid_1, column_ruins_open_small,
          column_ruins_corridor_corner
D:5:      layout_loops_corners, gammafunk_ghost_icy
D:6:      layout_basic, mainiacjoe_overflow_boulevard,
          minmay_temple_entry_drinking_statues, ebering_ghost_xom,
          uniq_blork_the_orc
D:7:      layout_basic, mainiacjoe_overflow_surrounded_room, enter_bailey_4,
          item_on_display_a, uniq_maggie, uniq_pikel
D:8:      layout_cave_pools, mainiacjoe_overflow_chevrons,
          worldfamousw_hep_ancestral_shrine, chequers_serial_rivers_micro_e,
          nicolae_figureground_sparkle
D:9:      layout_grid_maze, uniq_psyche
D:10:     old_forge, layout_gridville, dpeg_lair_monsters, serial_shops, shop,
          gammafunk_ghost_grave, eino_house_with_fridge, uniq_nergalle,
          uniq_harold
D:11:     wad_crossroads, layout_loops_ring
D:12:     layout_rooms, gauntlet_entry_generic, serial_shops, shop,
          kennysheep_boxes
D:13:     layout_stronghold, uniq_urug
D:14:     giant_chief_lemuel, layout_loops_ring, david_vaults_2,
          minmay_misc_feat_encased, uniq_rupert, uniq_kirke
Lair:1:   layout_layer_cave, grunt_megastairs_2, lemuel_fruit_tree
Lair:2:   layout_gridlike
Lair:3:   layout_small_grid, serial_forest, infiniplex_forest_lined_4_way,
          infiniplex_forest_lined_2, infiniplex_forest_straight_4,
          infiniplex_forest_end_3, infiniplex_forest_end_3,
          infiniplex_forest_corner_2, infiniplex_forest_clump_small,
          grunt_megastairs_3, uniq_sonja
Lair:4:   layout_roguey, skrybe_swamp_entry_bodies,
          hellmonk_spider_entry_life_and_decay, minmay_holes
Lair:5:   layout_long_grid, slime_altar_1, serial_rivers,
          chequers_serial_rivers_large_b, chequers_serial_rivers_large_a,
          chequers_serial_rivers_micro_d, chequers_serial_rivers_micro_b,
          beast_lair_carwin_7
Lair:6:   guppyfry_lair_end_dragon, layout_regular_city,
          hangedman_lair_tendril_chambers, grunt_megastairs_5
Spider:1: layout_spider_delve
Spider:2: layout_chambers, nicolae_spider_shape
Spider:3: layout_spider_delve, special_room [special_room_bee],
          nicolae_spider_bzzzt, uniq_asterion
Orc:1:    layout_caves
Orc:2:    kennysheep_orc_mage_school, layout_caves, uniq_jorgrun, uniq_maurice

Skill      XL: |  1  2  3  4  5  6  7  8  9 10 11 12 13 14 15 16 |
---------------+-------------------------------------------------+-----
Axes           | 4 5 6 7 9 10 13 14 | 14.0
Throwing       | 1 2 3 4 5 6 8 9 11 12 13 14 15 | 15.0
Fighting       | 4 5 6 7 9 10 11 12 13 | 13.3
Maces & Flails | 1 2 3 4 6 7 9 11 13 | 13.8
Evocations     | 1 2 4 5 6 8 9 10 11 | 11.9
Armour         | 5 9 11 | 11.5
Dodging        | 5 8 10 | 10.6

Action                   |  1- 3 |  4- 6 |  7- 9 | 10-12 | 13-15 | 16-18 || total
-------------------------+-------+-------+-------+-------+-------+-------++-------
Melee: Hand axe          |    80 |       |       |       |       |       ||    80
       Headbutt          |     8 |     9 |    20 |    92 |   277 |    32 ||   438
       Mace              |    14 |    78 |   126 |   336 |  1023 |    60 ||  1637
       Punch             |       |     1 |     1 |     2 |    22 |     1 ||    27
       Unarmed           |       |       |       |     5 |       |       ||     5
       Eveningstar       |       |       |       |       |       |    52 ||    52
Throw: Stone             |     3 |    10 |   128 |   271 |   631 |    54 ||  1097
       Dart              |       |     3 |     5 |     6 |       |       ||    14
Invok: Trog's Hand       |       |     1 |     2 |     3 |     6 |     2 ||    14
       Berserk           |       |       |     1 |     1 |     5 |       ||     7
       Brothers in Arms  |       |       |       |     1 |     2 |     1 ||     4
Evoke: Wand              |       |       |       |       |     2 |       ||     2
  Use: Potion            |       |       |     3 |       |     1 |     1 ||     5
       Scroll            |       |       |     1 |    17 |    13 |     3 ||    34
 Stab: Distracted        |       |       |       |     7 |    26 |     2 ||    35
       Betrayed ally     |       |       |       |       |     1 |       ||     1
Armor: Animal skin       |    13 |       |       |       |       |       ||    13
       Ring mail         |     5 |    14 |    10 |       |       |       ||    29
       Plate armour      |       |       |    53 |   172 |   429 |    90 ||   744
       Chain mail        |       |       |     2 |       |       |       ||     2
Dodge: Dodged            |    60 |    27 |    50 |   119 |   416 |   100 ||   772
